LNP
UTUADO ARRIBENOS @ BARRANQUITAS ILUSTRES
04/25/1903
 
TOP OF THE 1ST
Utuado Arribenos batting - Pitching for Barranquitas Ilustres : RHP Jesús Monge
Pitching: RHP Jesús Monge
Batting: RHB Etelfrido Dorado 0-0: Fly out, F9 (Flyball, 89D, EV 172 KM/H)
Batting: SHB Egidio Osorio 0-0: Ball
1-0: Swinging Strike
1-1: Foul Ball, location: 7LDF
1-2: Fly out, F8 (Line Drive, 8RM, EV 136 KM/H)
Batting: LHB Gaudencio Ojeda 0-0: Ground out 5-3 (Groundball, 56, EV 139 KM/H)
Top of the 1st over - 0 runs, 0 hits, 0 errors, 0 left on base; Utuado 0 - Barranquitas 0
BOTTOM OF THE 1ST
Barranquitas Ilustres batting - Pitching for Utuado Arribenos : RHP Lucas Robles
Pitching: RHP Lucas Robles
Batting: LHB Agapito García 0-0: Fly out, F7 (Flyball, 7, EV 153 KM/H)
Batting: SHB Marcos Aponte 0-0: Called Strike
0-1: Ball
1-1: Called Strike
1-2: Ball
2-2: Fly out, F7 (Flyball, 78S, EV 141 KM/H)
Batting: RHB Joseph Cros 0-0: Swinging Strike
0-1: Foul Ball, location: 2F
0-2: Strikes out swinging
Bottom of the 1st over - 0 runs, 0 hits, 0 errors, 0 left on base; Utuado 0 - Barranquitas 0
TOP OF THE 2ND
Utuado Arribenos batting - Pitching for Barranquitas Ilustres : RHP Jesús Monge
Batting: LHB Urbano Rivera 0-0: Called Strike
0-1: Ball
1-1: Ball
2-1: Ball
3-1: Base on Balls
Batting: RHB Haffy Beattie 0-0: Ball
1-0: Swinging Strike
1-1: Called Strike
1-2: Foul Ball, location: 9LMF
1-2: Reached on error, E6 (Groundball, 56, EV 168 KM/H)
Urbano Rivera to second
Batting: LHB Marco Aguiar 0-0: Swinging Strike
0-1: Ball
1-1: Ball
2-1: Foul Ball, location: 23FF
2-2: Foul Ball, location: 7LSF
2-2: Ball
3-2: Foul Ball, location: 23FF
3-2: Foul Ball, location: 5SF
3-2: Fly out, F4 (Popup, 3D, EV 80 KM/H)
Batting: RHB Tomás Guzmán 0-0: Ball
1-0: Called Strike
1-1: Ball
2-1: Ball
3-1: Foul Ball, location: 23FF
3-2: Reached on error, E5 (Groundball, 56, EV 140 KM/H)
Urbano Rivera to third
Haffy Beattie to second
Batting: RHB Alrigo García 0-0: Called Strike
0-1: Ball
1-1: DOUBLE (Line Drive, 89M, EV 164 KM/H)
Urbano Rivera scores
Haffy Beattie scores
Tomás Guzmán to third
Runner from 3rd tries for Home, SAFE, no throw by CF
Batting: RHB Tomás Pérez 0-0: Fly out, F7 (Flyball, 7S, EV 139 KM/H)
Batting: RHB Etelfrido Dorado 0-0: Ball
1-0: Foul Ball, location: 5FF
1-1: Ground out 6-3 (Groundball, 6, EV 126 KM/H)
Top of the 2nd over - 3 runs, 1 hit, 2 errors, 1 left on base; Utuado 3 - Barranquitas 0
BOTTOM OF THE 2ND
Barranquitas Ilustres batting - Pitching for Utuado Arribenos : RHP Lucas Robles
Batting: SHB Columbano Rubio 0-0: Swinging Strike
0-1: Foul Ball, location: 7LMF
0-2: Foul Ball, location: 7LSF
0-2: Hit by Pitch
Batting: RHB José Fierro 0-0: Grounds into double play, 3-6-3 (Groundball, 3, EV 175 KM/H)
Batting: RHB Ramón Quezada 0-0: Called Strike
0-1: Foul Ball, location: 2F
0-2: Ball
1-2: Ball
2-2: Fly out, F7 (Flyball, 7, EV 141 KM/H)
Bottom of the 2nd over - 0 runs, 0 hits, 0 errors, 0 left on base; Utuado 3 - Barranquitas 0
TOP OF THE 3RD
Utuado Arribenos batting - Pitching for Barranquitas Ilustres : RHP Jesús Monge
Batting: SHB Egidio Osorio 0-0: Swinging Strike
0-1: Fly out, F6 (Popup, 6MD, EV 108 KM/H)
Batting: LHB Gaudencio Ojeda 0-0: Foul Ball, location: 2F
0-1: Ground out 4-3 (Groundball, 4, EV 140 KM/H)
Batting: LHB Urbano Rivera 0-0: Ball
1-0: Foul Ball, location: 7LSF
1-1: Ball
2-1: Ground out U3 (Groundball, 3L, EV 130 KM/H)
Top of the 3rd over - 0 runs, 0 hits, 0 errors, 0 left on base; Utuado 3 - Barranquitas 0
BOTTOM OF THE 3RD
Barranquitas Ilustres batting - Pitching for Utuado Arribenos : RHP Lucas Robles
Batting: SHB Jorge Pesquera 0-0: Called Strike
0-1: Fly out, F8 (Line Drive, 8LM, EV 169 KM/H)
Batting: RHB Pascual Santana 0-0: Ball
1-0: Ball
2-0: Foul Ball, location: 9LMF
2-1: Ball
3-1: DOUBLE (Line Drive, 9LS, EV 172 KM/H) - OUT at third base trying to stretch hit.
Batting: RHB René Troche 0-0: Ball
1-0: Swinging Strike
1-1: Swinging Strike
1-2: Strikes out swinging
Bottom of the 3rd over - 0 runs, 1 hit, 0 errors, 0 left on base; Utuado 3 - Barranquitas 0
TOP OF THE 4TH
Utuado Arribenos batting - Pitching for Barranquitas Ilustres : RHP Jesús Monge
Batting: RHB Haffy Beattie 0-0: Called Strike
0-1: Ball
1-1: Ground out 6-3 (Groundball, 6, EV 139 KM/H)
Batting: LHB Marco Aguiar 0-0: Ball
1-0: Ball
2-0: Ball
3-0: Called Strike
3-1: Fly out, F5 (Popup, 5L, EV 123 KM/H)
Batting: RHB Tomás Guzmán 0-0: Ground out 6-3 (Groundball, 6, EV 156 KM/H)
Top of the 4th over - 0 runs, 0 hits, 0 errors, 0 left on base; Utuado 3 - Barranquitas 0
BOTTOM OF THE 4TH
Barranquitas Ilustres batting - Pitching for Utuado Arribenos : RHP Lucas Robles
Batting: LHB Agapito García 0-0: Called Strike
0-1: Ground out 3-1 (Groundball, 34, EV 170 KM/H)
Batting: SHB Marcos Aponte 0-0: Ground out 3-1 (Groundball, 34, EV 137 KM/H)
Batting: RHB Joseph Cros 0-0: SINGLE (Groundball, 4MD, EV 156 KM/H)
Batting: SHB Columbano Rubio 0-0: Ball
Joseph Cros is caught stealing 2nd base 2-6
Bottom of the 4th over - 0 runs, 1 hit, 0 errors, 0 left on base; Utuado 3 - Barranquitas 0
TOP OF THE 5TH
Utuado Arribenos batting - Pitching for Barranquitas Ilustres : RHP Jesús Monge
Batting: RHB Alrigo García 0-0: Called Strike
0-1: Fly out, F7 (Flyball, 78M, EV 154 KM/H)
Batting: RHB Tomás Pérez 0-0: Foul Ball, location: 5F
0-1: Ball
1-1: SINGLE (Line Drive, 78S, EV 162 KM/H)
Batting: RHB Etelfrido Dorado 0-0: Swinging Strike
0-1: Called Strike
0-2: Ball
1-2: Strikes out swinging
Batting: SHB Egidio Osorio 0-0: Foul Ball, location: 2F
0-1: Ball
1-1: Ball
2-1: Foul Ball, location: 7LSF
2-2: Ball
3-2: Foul Ball, location: 3F
3-2: Base on Balls
Tomás Pérez to second
Batting: LHB Gaudencio Ojeda 0-0: Fly out, F7 (Flyball, 7, EV 152 KM/H)
Top of the 5th over - 0 runs, 1 hit, 0 errors, 2 left on base; Utuado 3 - Barranquitas 0
BOTTOM OF THE 5TH
Barranquitas Ilustres batting - Pitching for Utuado Arribenos : RHP Lucas Robles
Batting: SHB Columbano Rubio 0-0: Ball
1-0: Foul Ball, location: 25F
1-1: Foul Ball, location: 5F
1-2: Fly out, F8 (Flyball, 8LD, EV 155 KM/H)
Batting: RHB José Fierro 0-0: Ball
1-0: Foul Ball, location: 2F
1-1: Foul Ball, location: 2F
1-2: Ball
2-2: Fly out, F6 (Line Drive, 6, EV 108 KM/H)
Batting: RHB Ramón Quezada 0-0: Ball
1-0: Ball
2-0: Foul Ball, location: 25FF
2-1: Foul Ball, location: 9LSF
2-2: Ball
3-2: Foul Ball, location: 5F
3-2: Ground out 6-3 (Groundball, 56, EV 144 KM/H)
Bottom of the 5th over - 0 runs, 0 hits, 0 errors, 0 left on base; Utuado 3 - Barranquitas 0
TOP OF THE 6TH
Utuado Arribenos batting - Pitching for Barranquitas Ilustres : RHP Jesús Monge
Batting: LHB Urbano Rivera 0-0: Ball
1-0: Ball
2-0: Foul Ball, location: 3FF
2-1: Swinging Strike
2-2: Ball
3-2: Strikes out looking
Batting: RHB Haffy Beattie 0-0: Swinging Strike
0-1: Foul Ball, location: 7LDF
0-2: Ball
1-2: Foul Ball, location: 2F
1-2: Strikes out swinging
Batting: LHB Marco Aguiar 0-0: Called Strike
0-1: Fly out, F7 (Flyball, 7, EV 145 KM/H)
Top of the 6th over - 0 runs, 0 hits, 0 errors, 0 left on base; Utuado 3 - Barranquitas 0
BOTTOM OF THE 6TH
Barranquitas Ilustres batting - Pitching for Utuado Arribenos : RHP Lucas Robles
Batting: SHB Jorge Pesquera 0-0: Ball
1-0: Swinging Strike
1-1: Fly out, F4 (Popup, 34D, EV 93 KM/H)
Batting: RHB Pascual Santana 0-0: Ball
1-0: Fly out, F8 (Flyball, 89M, EV 152 KM/H)
Batting: RHB René Troche 0-0: Fly out, F7 (Flyball, 7, EV 120 KM/H)
Bottom of the 6th over - 0 runs, 0 hits, 0 errors, 0 left on base; Utuado 3 - Barranquitas 0
TOP OF THE 7TH
Utuado Arribenos batting - Pitching for Barranquitas Ilustres : RHP Jesús Monge
Batting: RHB Tomás Guzmán 0-0: Ball
1-0: Swinging Strike
1-1: Foul Ball, location: 3F
1-2: Fly out, F3 (Popup, 3F, EV 92 KM/H)
Batting: RHB Alrigo García 0-0: Fly out, F7 (Line Drive, 78M, EV 138 KM/H)
Batting: RHB Tomás Pérez 0-0: Ball
1-0: Called Strike
1-1: Foul Ball, location: 9LSF
1-2: Ground out U3 (Groundball, 34S, EV 148 KM/H)
Top of the 7th over - 0 runs, 0 hits, 0 errors, 0 left on base; Utuado 3 - Barranquitas 0
BOTTOM OF THE 7TH
Barranquitas Ilustres batting - Pitching for Utuado Arribenos : RHP Lucas Robles
Batting: LHB Agapito García 0-0: Ground out 4-3 (Groundball, 4, EV 130 KM/H)
Batting: SHB Marcos Aponte 0-0: DOUBLE (Flyball, 7LM, EV 177 KM/H)
Batting: RHB Joseph Cros 0-0: Ball
1-0: SINGLE (Line Drive, 9LS, EV 163 KM/H)
Marcos Aponte to third
Batting: SHB Columbano Rubio 0-0: Called Strike
0-1: Called Strike
0-2: Ball
1-2: Ball
2-2: Foul Ball, location: 2F
2-2: Foul Ball, location: 25F
2-2: Ball
3-2: Base on Balls
Joseph Cros to second
Pinch Hitting: SHB Ramón Jiménez 0-0: Ball
1-0: Foul Ball, location: 2LF
1-1: Foul Ball, location: 2F
1-2: Foul Ball, location: 7LMF
1-2: Grounds into fielders choice 4-2 (Groundball, 4, EV 161 KM/H)
Joseph Cros to third
Columbano Rubio to second
Pinch Hitting: LHB Chad Nivens 0-0: Fly out, F8 (Flyball, 89M, EV 136 KM/H)
Bottom of the 7th over - 0 runs, 2 hits, 0 errors, 3 left on base; Utuado 3 - Barranquitas 0
TOP OF THE 8TH
Utuado Arribenos batting - Pitching for Barranquitas Ilustres : RHP Jesús Monge
Now at SS: Chad Nivens
Now in LF: Ramón Jiménez
Batting: RHB Etelfrido Dorado 0-0: Called Strike
0-1: Ball
1-1: Ball
2-1: Called Strike
2-2: Ball
3-2: Ground out 5-3 (Groundball, 56S, EV 146 KM/H)
Batting: SHB Egidio Osorio 0-0: Called Strike
0-1: Ball
1-1: Foul Ball, location: 2F
1-2: Strikes out swinging
Batting: LHB Gaudencio Ojeda 0-0: Ball
1-0: Foul Ball, location: 2RF
1-1: Ball
2-1: Swinging Strike
2-2: Hit by Pitch
Batting: LHB Urbano Rivera 0-0: Called Strike
0-1: Called Strike
Gaudencio Ojeda is caught stealing 2nd base 2-6
Top of the 8th over - 0 runs, 0 hits, 0 errors, 0 left on base; Utuado 3 - Barranquitas 0
BOTTOM OF THE 8TH
Barranquitas Ilustres batting - Pitching for Utuado Arribenos : RHP Lucas Robles
Now in LF: Marco Aguiar
Now in RF: Jesús Piñeda
Batting: SHB Jorge Pesquera 0-0: Ball
1-0: Ball
2-0: Fly out, F6 (Popup, 6, EV 100 KM/H)
Batting: RHB Pascual Santana 0-0: Foul Ball, location: 2F
0-1: Foul Ball, location: 2F
0-2: Ball
1-2: Ball
2-2: Foul Ball, location: 2F
2-2: SINGLE (Popup, 3D, EV 121 KM/H)
Batting: RHB René Troche 0-0: Ball
1-0: Ball
2-0: Called Strike
2-1: Foul Ball, location: 25F
2-2: Fly out, F7 (Flyball, 7S, EV 146 KM/H)
Batting: LHB Agapito García 0-0: Ball
1-0: Called Strike
1-1: Ball
2-1: Fielders Choice at 2nd, 6-4 (Groundball, 6, EV 128 KM/H)
Bottom of the 8th over - 0 runs, 1 hit, 0 errors, 1 left on base; Utuado 3 - Barranquitas 0
TOP OF THE 9TH
Utuado Arribenos batting - Pitching for Barranquitas Ilustres : RHP Jesús Monge
Batting: LHB Urbano Rivera 0-0: Ball
1-0: Foul Ball, location: 9LDF
1-1: Foul Ball, location: 3F
1-2: Ball
2-2: Ball
3-2: Fly out, F7 (Flyball, 7D, EV 165 KM/H)
Batting: RHB Jesús Piñeda 0-0: Swinging Strike
0-1: Reached on error, E7 (Flyball, 78M, EV 151 KM/H)
Batting: LHB Marco Aguiar 0-0: Ball
1-0: Ball
2-0: Ball
3-0: Called Strike
3-1: Base on Balls
Jesús Piñeda to second
Batting: RHB Tomás Guzmán 0-0: Ball
1-0: Ball
2-0: Fly out, F9 (Flyball, 9S, EV 120 KM/H)
Batting: RHB Alrigo García 0-0: Ground out U3 (Groundball, 3S, EV 137 KM/H)
Top of the 9th over - 0 runs, 0 hits, 1 error, 2 left on base; Utuado 3 - Barranquitas 0
BOTTOM OF THE 9TH
Barranquitas Ilustres batting - Pitching for Utuado Arribenos : RHP Lucas Robles
Now at 1B: Amérigo Zúñiga
Batting: SHB Marcos Aponte 0-0: SINGLE (Line Drive, 78S, EV 148 KM/H)
Batting: RHB Joseph Cros 0-0: Fly out, F8 (Flyball, 8LD, EV 168 KM/H)
Batting: SHB Columbano Rubio 0-0: Called Strike
0-1: Called Strike
0-2: Strikes out swinging
Batting: SHB Ramón Jiménez 0-0: Ball
1-0: Called Strike
1-1: Ground out U3 (Groundball, 34, EV 145 KM/H)
Bottom of the 9th over - 0 runs, 1 hit, 0 errors, 1 left on base; Utuado 3 - Barranquitas 0
Sunday, February 25th , 2024 - OOTP Baseball 24.11 Build 85